 Dungeon Crawl Stone Soup version 0.20.0-4-g10b340a (webtiles) character file.

3840 Gorglomux the Martial Artist (level 10, 0/80 HPs)
             Began as a Merfolk Transmuter on May 27, 2017.
             Was a Priest of Cheibriados.
             Slain by Erica
             ... wielding a +3 scimitar of flaming
              (2 damage)
             ... on level 8 of the Dungeon.
             The game lasted 00:13:59 (8647 turns).

Gorglomux the Martial Artist (Merfolk Transmuter)   Turns: 8647, Time: 00:14:00

Health: 0/80       AC:  6    Str: 17    XL:     10   Next: 18%
Magic:  0/15       EV: 14    Int: 25    God:    Cheibriados [***...]
Gold:   184        SH: 11    Dex: 23    Spells: 9/15 levels left

rFire    . . .     SeeInvis .     - Unarmed
rCold    . . .     Gourm    .   k - +0 shield
rNeg     . . .     Faith    .   q - +0 ring mail
rPois    .         Spirit   +   (no helmet)
rElec    .         Reflect  .   p - +0 cloak
rCorr    .         Harm     .   (no gloves)
MR       .....                  (no boots)
Stlth    +.........             S - amulet of guardian spirit
Regen    0.3/turn               (no ring)
MPRegen  0.2/turn               O - +3 ring of intelligence

@: lethally poisoned (0 -> -8), appendage (expiring), slowed, very slow
A: change form in water, swift swim, stealthy swim, horns 2
a: End Transformation, Bend Time, Temporal Distortion, Renounce Religion


You were on level 8 of the Dungeon.
You worshipped Cheibriados.
Cheibriados was most pleased with you.
You were not hungry.
You had grown temporary horns.
You visited 1 branch of the dungeon, and saw 8 of its levels.

You collected 336 gold pieces.
You spent 152 gold pieces at shops.

Inventory:

Missiles
 a - 20 arrows
Armour
 k - a +0 shield (worn)
 p - a +0 cloak (worn)
 q - a +0 ring mail (worn)
 D - a +0 buckler
Jewellery
 l - an uncursed ring of flight
 O - a +3 ring of intelligence (right hand)
 S - an amulet of guardian spirit (around neck)
Wands
 A - a wand of acid (13/15)
 C - a wand of confusion (11/48)
 I - a wand of iceblast (8/15)
Scrolls
 g - 2 scrolls of noise {unknown}
 m - 4 scrolls of amnesia
 t - a scroll of fear {unknown}
 x - 2 scrolls of recharging
 y - a scroll of blinking {unknown}
 E - a scroll of enchant armour {unknown}
 G - 2 scrolls of fog {unknown}
 M - a scroll of magic mapping
 N - a scroll of enchant weapon
 P - a scroll of random uselessness {unknown}
 R - a scroll of identify
 T - 3 scrolls of teleportation
 U - a scroll of remove curse
 W - a scroll of immolation {unknown}
Potions
 h - a potion of resistance
 i - 3 potions of heal wounds
 o - 2 potions of flight {unknown}
 v - 2 potions of mutation {unknown}
 H - 3 potions of brilliance
 Q - 2 potions of curing
 V - 2 potions of degeneration {unknown}
 X - 2 potions of might {unknown}
 Z - a potion of haste {unknown}
Books
 c - a book of Changes

   Spells                             Type                      Level
   a - Beastly Appendage              Transmutation                1
   b - Sticks to Snakes               Transmutation                2
   c - Spider Form                    Transmutation/Poison         3
   d - Ice Form                       Ice/Transmutation            4
   e - Blade Hands                    Transmutation                5
Comestibles
 d - 7 bread rations
 z - 2 meat rations
 Y - 15 chunks of flesh


   Skills:
 + Level 7.6 Fighting
 - Level 2.8 Armour
 - Level 6.1 Dodging
 + Level 6.7 Shields
 + Level 8.6 Unarmed Combat
 + Level 3.3 Spellcasting
 + Level 5.7 Transmutations


You had 9 spell levels left.
You knew the following spells:

 Your Spells              Type           Power        Failure   Level  Hunger
a - Beastly Appendage     Tmut           ####..       4%          1    None
b - Sticks to Snakes      Tmut           ####....     8%          2    #......
c - Spider Form           Tmut/Pois      ###.......   43%         3    ###....


Dungeon Overview and Level Annotations

Branches:
Dungeon (8/15)             Temple (0/1) D:7
   Lair: D:8-11

Altars:
Ashenzari
Cheibriados
Fedhas
Gozag
Hepliaklqana
Makhleb

Shops:
D:4 !*(:

Annotations:
D:7 2 runed doors slouch it up
D:8 Erica


Innate Abilities, Weirdness & Mutations

You revert to your normal form in water.
You are very nimble and swift while swimming.
You are very stealthy in the water. (Stealth+)
You have a pair of horns on your head.


Message History

* * * LOW HITPOINT WARNING * * *
The orb of energy explodes!
The mystic blast hits your adder.
Your adder dies!
Unknown command.
You hit Erica. Your headbutt misses Erica.
Erica is almost dead.
You feel sick. Erica barely misses you.
You hit Erica but do no damage.
Erica is almost dead.
Your transformation is almost over.
You feel sick. Erica casts a spell at you.
You feel yourself slow down.
You barely miss Erica. Your headbutt misses Erica.
Erica is almost dead.
You feel sick.
Erica hits you with a scimitar of flaming!
* * * LOW HITPOINT WARNING * * *
Erica burns you.
You die...

..#.#######
.....<........ .## ..
.............. ..# ...
............# #.# ....
#...##.# #.###.###...
###...##.###..##.......
...............)...#
...................####+
................@.......
.................@......
........................
........................
).......................
.)......................
.).................####+
...................#
..............


You could see Erica.

Vanquished Creatures
  Pikel (D:7)
  A centaur zombie (D:6)
  Joseph (D:7)
  Eustachio (D:5)
  Menkaure (D:7)
  2 orc warriors (D:7)
  2 ice beasts (D:7)
  A slave (D:7)
  2 sky beasts
  A phantom (D:7)
  3 ogres
  A big kobold (D:3)
  5 bullfrogs
  A wyvern skeleton (D:4)
  A scorpion (D:5)
  3 wights (D:6)
  A howler monkey (D:5)
  4 crimson imps
  A quasit (D:7)
  2 bullfrog skeletons
  A jelly (D:5)
  2 centaur skeletons
  2 hounds (D:7)
  4 orc priests
  2 iguanas (D:5)
  An orc wizard (D:2)
  7 worker ants
  A killer bee zombie (D:8)
  A hound zombie (D:7)
  A hound skeleton (D:5)
  7 adders
  A shadow imp (D:7)
  An ooze (D:5)
  An adder skeleton (D:6)
  5 dart slugs
  7 leopard geckos
  37 orcs
  6 bats
  3 giant cockroaches
  9 goblins
  5 hobgoblins
  15 jackals
  6 quokkas
  7 frilled lizards
  17 kobolds
  A leopard gecko skeleton (D:4)
  2 quokka skeletons
  A quokka zombie (D:7)
  10 rats
198 creatures vanquished.

Vanquished Creatures (collateral kills)
  A scorpion (D:5)
1 creature vanquished.

Vanquished Creatures (others)
  An orc priest (D:7)
  An adder (D:7)
2 creatures vanquished.

Grand Total: 201 creatures vanquished

Notes
Turn   | Place    | Note
-------+----------+-------------------------------------------
     0 | D:1      | Gorglomux the Merfolk Transmuter began the quest for the Orb.
     0 | D:1      | Reached XP level 1. HP: 15/15 MP: 3/3
    75 | D:1      | Reached skill level 3 in Transmutations
    94 | D:1      | Reached XP level 2. HP: 19/21 MP: 5/5
   345 | D:1      | HP: 1/21 [dart slug/slug dart (4)]
   443 | D:1      | HP: 1/21 [goblin (4)]
   543 | D:1      | Reached XP level 3. HP: 7/26 MP: 6/6
  1668 | D:2      | Reached skill level 4 in Unarmed Combat
  1752 | D:2      | Found a hazy altar of Hepliaklqana.
  1756 | D:2      | Found a burning altar of Makhleb.
  2240 | D:2      | Reached skill level 3 in Dodging
  2240 | D:2      | Reached XP level 4. HP: 31/34 MP: 7/7
  2338 | D:2      | Reached skill level 1 in Shields
  2475 | D:3      | Reached XP level 5. HP: 13/39 MP: 6/8
  3197 | D:3      | Noticed a big kobold
  3385 | D:3      | Killed a big kobold
  3385 | D:3      | Reached skill level 3 in Fighting
  3385 | D:3      | Reached XP level 6. HP: 39/47 MP: 9/9
  3808 | D:4      | Reached skill level 5 in Unarmed Combat
  4130 | D:4      | Learned a level 2 spell: Sticks to Snakes
  4366 | D:4      | Found Igey's Book Shoppe.
  4433 | D:4      | Found Dupia's Assorted Antiques.
  4444 | D:4      | Bought a murky blue potion for 28 gold pieces
  4444 | D:4      | Bought a scroll labeled HENOFO GICEGY for 32 gold pieces
  4444 | D:4      | Bought a murky blue potion for 28 gold pieces
  4444 | D:4      | Bought a scroll labeled VAUMAU CAMES for 32 gold pieces
  4444 | D:4      | Bought a scroll labeled CYRGHE MI QOES for 32 gold pieces
  4505 | D:4      | Found Reots's Distillery.
  4797 | D:4      | Found Xinoiv Kyne's Antique Weapon Shoppe.
  4940 | D:5      | Entered Level 5 of the Dungeon
  5022 | D:5      | Reached XP level 7. HP: 48/52 MP: 8/10
  5067 | D:5      | Reached skill level 3 in Shields
  5272 | D:5      | Found a snail-covered altar of Cheibriados.
  5280 | D:5      | Became a worshipper of Cheibriados the Contemplative
  5808 | D:5      | Reached skill level 6 in Unarmed Combat
  5934 | D:5      | Reached XP level 8. HP: 43/61 MP: 5/11
  6006 | D:5      | Found a shattered altar of Ashenzari.
  6081 | D:5      | Noticed Eustachio
  6094 | D:5      | Killed Eustachio
  6094 | D:5      | Reached skill level 6 in Dodging
  6201 | D:5      | Found a blossoming altar of Fedhas.
  6406 | D:5      | Reached * piety under Cheibriados
  6721 | D:6      | Reached skill level 1 in Armour
  6741 | D:6      | Reached skill level 7 in Unarmed Combat
  6921 | D:6      | Reached XP level 9. HP: 47/69 MP: 3/12
  7001 | D:6      | Reached skill level 6 in Fighting
  7304 | D:7      | Found a staircase to the Ecumenical Temple.
  7323 | D:7      | Noticed Menkaure
  7332 | D:7      | Reached ** piety under Cheibriados
  7332 | D:7      | Killed Menkaure
  7642 | D:7      | Noticed Joseph
  7675 | D:7      | Killed Joseph
  7675 | D:7      | Reached skill level 6 in Shields
  7675 | D:7      | Reached skill level 8 in Unarmed Combat
  7886 | D:7      | Learned a level 3 spell: Spider Form
  7937 | D:7      | Found a runed door.
  7949 | D:7      | Found a runed door.
  8002 | D:7      | Found an opulent altar of Gozag.
  8182 | D:7      | Noticed Pikel
  8215 | D:7      | Killed Pikel
  8215 | D:7      | Reached skill level 3 in Spellcasting
  8215 | D:7      | Reached XP level 10. HP: 25/79 MP: 5/14
  8526 | D:7      | Reached *** piety under Cheibriados
  8632 | D:8      | Noticed Erica
  8647 | D:8      | HP: 2/80 [Erica/scimitar of flaming (9)]
  8647 | D:8      | Slain by Erica

Skill      XL: |  1  2  3  4  5  6  7  8  9 |
---------------+----------------------------+-----
Transmutations | 3 5 |  5.7
Fighting       | 2 3 4 5 7 |  7.6
Unarmed Combat | 4 5 6 7 8 |  8.6
Dodging        | 3 4 5 6 |  6.1
Shields        | 1 2 3 5 6 |  6.7
Armour         | 2 |  2.8
Spellcasting   | 3 |  3.3

Action                   |  1- 3 |  4- 6 |  7- 9 | 10-12 || total
-------------------------+-------+-------+-------+-------++-------
Melee: Unarmed           |   139 |   336 |   428 |    48 ||   951
       Punch             |     1 |       |       |       ||     1
       Headbutt          |     9 |    16 |    59 |     8 ||    92
 Cast: Beastly Appendage |    22 |    15 |    26 |     2 ||    65
       Sticks to Snakes  |       |       |     6 |     1 ||     7
Evoke: Wand              |       |       |     6 |       ||     6
  Use: Scroll            |       |     4 |     7 |       ||    11
       Potion            |       |     2 |     1 |       ||     3
 Stab: Sleeping          |     1 |       |       |       ||     1
       Distracted        |       |       |     1 |       ||     1
  Eat: Chunk             |     4 |     9 |     7 |     1 ||    21
       Meat ration       |       |       |     1 |       ||     1
Armor: Robe              |     9 |       |       |       ||     9
       Ring mail         |    31 |    94 |    77 |     7 ||   209
       Skin              |       |     3 |     3 |       ||     6
Dodge: Dodged            |    75 |   101 |   165 |    15 ||   356
Block: Shield            |    31 |   128 |   172 |    21 ||   352
